 Dungeon Crawl Stone Soup version 0.29-a0-824-gd827844252 (webtiles) character file.

Game seed: 5152670958726414905

794 Malachi the Cleaver (level 7, -1/46 HPs)
             Began as an Octopode Berserker on July 10, 2022.
             Was a Believer of Trog.
             Slain by an orc
             ... wielding a +0 whip
              (6 damage)
             ... on level 5 of the Dungeon.
             The game lasted 00:03:49 (4243 turns).

Malachi the Cleaver (Octopode Berserker)            Turns: 4243, Time: 00:03:50

Health: -1/46      AC:  1    Str: 17    XL:     7   Next: 89%
Magic:  7/7        EV: 13    Int: 11    God:    Trog [**....]
Gold:   190        SH:  0    Dex: 11    Spells: 6/6 levels left

rFire   . . .      SeeInvis .   f - +4 hand axe
rCold   . . .      Faith    .   (no shield)
rNeg    . . .      Spirit   .   (helmet restricted)
rPois   .          Reflect  .   o - amulet of the acrobat
rElec   .          Harm     .   (no ring)
rCorr   .          Rampage  .   (no ring)
Will    ++...                   (no ring)
Stlth   ++........              (no ring)
HPRegen 1.15/turn               (no ring)
MPRegen 0.10/turn               (no ring)
                                (no ring)
                                (no ring)

@: strong-willed, on berserk cooldown, regenerating, slowed, very slow
A: almost no armour, amphibious, 8 rings, camouflage 1, gelatinous body 1,
(nimble swimmer 1), tentacles
a: Renounce Religion, Berserk, Trog's Hand


You were on level 5 of the Dungeon.
You worshipped Trog.
Trog was pleased with you.
You visited 1 branch of the dungeon, and saw 5 of its levels.

You collected 190 gold pieces.

Inventory:

Hand Weapons
 f - a +4 hand axe (weapon)
 j - a +0 broad axe
Missiles
 k - 3 curare-tipped darts (quivered)
Jewellery
 a - an amulet of magic regeneration
 o - an amulet of the acrobat (around mantle)
Wands
 r - a wand of iceblast (8)
Scrolls
 g - 3 scrolls of enchant armour
 h - 2 scrolls of blinking
 l - 3 scrolls of teleportation
 p - a scroll of summoning
 q - a scroll of immolation {unknown}
 t - 2 scrolls of vulnerability {unknown}
 v - 2 scrolls of magic mapping {unknown}
Potions
 c - 4 potions of magic {unknown}
 d - 2 potions of brilliance {unknown}
 e - 3 potions of mutation {unknown}
 i - 2 potions of curing {unknown}
 m - 2 potions of attraction {unknown}
 n - a potion of flight {unknown}
 s - a potion of degeneration {unknown}
 u - 3 potions of lignification {unknown}
 w - a potion of might {unknown}
 x - a potion of invisibility {unknown}


   Skills:
 - Level 3.0 Fighting
 * Level 9.0 Axes
 - Level 3.0 Dodging
 - Level 1.1 Stealth


You had 6 spell levels left.
You didn't know any spells.
Your spell library contained the following spells:

 Spells                   Type           Power      Damage    Failure   Level
 Sandblast                Erth           0%         2d4       34%         1
 Slow                     Hex            0%         N/A       34%         1
 Ensorcelled Hibernation  Hex/Ice        0%         N/A       47%         2
 Passwall                 Tmut/Erth      0%         N/A       47%         2
 Confusing Touch          Hex            0%         N/A       71%         3
 Ignite Poison            Fire/Tmut/Pois 0%         N/A       71%         3
 Mephitic Cloud           Conj/Pois/Air  0%         N/A       71%         3
 Stone Arrow              Conj/Erth      0%         3d7       71%         3
 Swiftness                Air            0%         N/A       71%         3
 Vampiric Draining        Necr           0%         2d6       71%         3
 Freezing Cloud           Conj/Ice/Air   0%         6-21      100%        5


Dungeon Overview and Level Annotations

Branches:
Dungeon (5/15)
 Temple: D:4-7

Altars:


Innate Abilities, Weirdness & Mutations

You cannot wear most types of armour.
You are amphibious.
You can wear up to eight rings at the same time.
Your skin changes colour to match your surroundings (Stealth+).
Your rubbery body absorbs attacks. (AC +1, EV +1)
((You are camouflaged when in or above water. (Stealth+)))
You have tentacles for arms and can constrict up to eight enemies at once.


Message History

The orc closely misses you. The orc barely misses you.
The orc attacks as you move away! The orc completely misses you.
The orc attacks as you move away! The orc completely misses you.
The orc attacks as you move away! The orc misses you.
You hear some strange, mumbled words.
Something tries to affect you, but you resist.
The orc misses you. Something hits you but does no damage.
The orc attacks as you move away! The orc completely misses you.
The orc attacks as you move away! The orc completely misses you.
The orc closely misses you.
There is an escape hatch in the ceiling here.
You slash the orc!
You kill the orc!
Trog accepts your kill.
You slash something!
You hear some strange, mumbled words.
Something tries to affect you, but you resist.
You barely miss something. You hit the orc but do no damage.
You hear some strange, mumbled words.
A magic dart appears from out of thin air!
The magic dart hits you! The orc hits you with a +0 dagger.
You closely miss something. You hit the orc but do no damage.
The orc closely misses you. Something hits you. The orc barely misses you.
Unknown command.
Your skin crawls.
You feel strong-willed. Something hits you. The orc hits you with a +0 whip!
* * * LOW HITPOINT WARNING * * *
The orc hits you with a +0 mace of protection.
* * * LOW HITPOINT WARNING * * *
The orc hits you with a +0 dagger.
* * * LOW HITPOINT WARNING * * *
Okay, then.
You closely miss something. Your squeeze misses something.
You hit the orc but do no damage. You closely miss the orc.
You hit the orc but do no damage. Something hits you.
* * * LOW HITPOINT WARNING * * *
The orc hits you with a +0 whip.
You die...

########.# ........)#.#
.........# .######.)#.##
.........# #.)...))....
.........### #.#.########
########.#.. #.#.#.......
.. #.#.# #......#####
#####.#.#.#######.#..#.#..
........#oo.....#.#.......
#####.#.{@#.# .#.#..#n...
#.#.#o#.# .#......... .
#.#o#.# <###..#.n## ..
#.#..o###........... ..
#.#.#.).......#...## ###
#.....>..)........#
###.##.##..........
#.##.#..........<#
#.##.#.(.........#


You could see 4 orcs.

Vanquished Creatures
  A black bear (D:4)
  An ogre (D:4)
  2 phantoms
  A necrophage (D:5)
  A scorpion (D:3)
  A jelly (D:5)
  Crazy Yiuf (D:2)
  A gnoll bouda (D:5)
  Terence (D:2)
  2 orc wizards (D:5)
  2 scorpion zombies (D:4)
  3 gnolls (D:5)
  4 adders
  3 adder zombies (D:4)
  3 orcs
  6 endoplasms
  3 giant cockroaches
  6 goblins
  7 hobgoblins
  8 jackals
  5 kobolds
  2 quokkas
  6 ball pythons
  7 bats
  A frilled lizard (D:2)
  A quokka zombie (D:4)
  6 rats
85 creatures vanquished.

Vanquished Creatures (others)
  3 plants
3 creatures vanquished.

Grand Total: 88 creatures vanquished

Notes
Turn   | Place    | Note
-------+----------+-------------------------------------------
     0 | D:1      | Malachi the Octopode Berserker began the quest for the Orb.
     0 | D:1      | Reached XP level 1. HP: 16/16 MP: 1/1
   274 | D:1      | Reached XP level 2. HP: 21/21 MP: 2/2
   565 | D:1      | Reached skill level 4 in Axes
  1043 | D:1      | Reached XP level 3. HP: 26/26 MP: 3/3
  1090 | D:1      | Found a faded altar of an unknown god.
  1252 | D:2      | Reached ** piety under Trog
  1369 | D:2      | Noticed Terence
  1378 | D:2      | Killed Terence
  1379 | D:2      | Reached skill level 1 in Stealth
  1379 | D:2      | Reached XP level 4. HP: 25/31 MP: 4/4
  1726 | D:2      | Found a runed translucent door.
  1727 | D:2      | Noticed Crazy Yiuf
  1888 | D:2      | Killed Crazy Yiuf
  1889 | D:2      | Reached skill level 5 in Axes
  2200 | D:3      | Noticed a scorpion
  2206 | D:3      | Killed a scorpion
  2207 | D:3      | Reached XP level 5. HP: 36/36 MP: 5/5
  2388 | D:3      | Reached skill level 6 in Axes
  2789 | D:4      | Noticed a phantom
  2790 | D:4      | Noticed an ogre
  2796 | D:4      | Killed a phantom
  2797 | D:4      | Reached XP level 6. HP: 42/42 MP: 6/6
  2800 | D:4      | Reached skill level 7 in Axes
  3330 | D:4      | Identified the +1 ring mail of Jev Sewk {Int+5 Dex+3}
  3338 | D:4      | Noticed a black bear
  3343 | D:4      | Killed a black bear
  3344 | D:4      | Reached XP level 7. HP: 46/46 MP: 7/7
  3653 | D:5      | Entered Level 5 of the Dungeon
  3672 | D:5      | Reached skill level 8 in Axes
  4222 | D:5      | Reached skill level 9 in Axes
  4243 | D:5      | Slain by an orc

Illustrated notes

Levels and vault maps discovered:
D:1:      psy_arrival_radial02, layout_basic, chequers_ecumenical_altar_lobes,
          moated_statue
D:2:      layout_rooms, uniq_terence, uniq_crazy_yiuf_cottage
D:3:      layout_basic
D:4:      layout_cave_pools, serial_undead, serial_undead_d, serial_undead_b,
          serial_undead_e, serial_undead_e, serial_undead_b, serial_undead_a
D:5:      corexii_shantytown, layout_basic, mainiacjoe_overflow_big_doors,
          minmay_manual_maat

Skill      XL: |  1  2  3  4  5  6  7 |
---------------+----------------------+-----
Axes           | 4 5 6 7 9 |  9.0
Stealth        | 1 |  1.1
Fighting       | |  3.0
Dodging        | |  3.0

Action                   |  1- 3 |  4- 6 |  7- 9 || total
-------------------------+-------+-------+-------++-------
Melee: Hand axe          |    57 |    80 |    35 ||   172
       Constrict         |    13 |    18 |     4 ||    35
       Tentacles         |     6 |    11 |     6 ||    23
       Punch             |       |     1 |       ||     1
Invok: Berserk           |     1 |     4 |     3 ||     8
       Trog's Hand       |       |       |     1 ||     1
  Use: Scroll            |       |       |     4 ||     4
 Stab: Sleeping          |     4 |     5 |       ||     9
Armor: Skin              |     9 |     5 |     1 ||    15
Dodge: Dodged            |    40 |    51 |    36 ||   127

Table legend: (Time is in decaauts)
 A = Elapsed time spent in this place.
 B = Non-inter-level travel time spent in this place.
 C = Inter-level travel time spent in this place.
 D = Time resting spent in this place.
 E = Time spent auto-exploring this place.
 F = Levels seen in this place.
 G = Mean time per level.
                   A        B        C        D        E       F      G
               +--------+--------+--------+--------+--------+-----+--------+
         Total |   4326 |   4168 |    158 |   1050 |   2530 |   5 |  865.2 |
       Dungeon |   4326 |   4168 |    158 |   1050 |   2530 |   5 |  865.2 |
               +--------+--------+--------+--------+--------+-----+--------+

Top non-repeatable levels by time:
     D:1: 1222 daAuts
     D:4: 916 daAuts
     D:2: 807 daAuts
     D:3: 767 daAuts
     D:5: 613 daAuts
